AoeStats
← GORGORY

Arabia

508232353Analyzed
1v1 RM · 11d ago on Sep 21, 2026· 44m 45s· 2 players
Game mode
Random Map
Map size
Tiny (2 player)
Population
200
Speed
Normal
Resources
Standard
Victory
Conquest
Starting age
Dark Age
Ending age
Imperial Age
RankedLock teamsTeams togetherTeam positionsShared explorationLock speedFull tech treeHidden civsTurbo modeCheats
Victory
Defeat
🇦🇷 Magyars · Argentina
1025
+15
🇮🇳 Teutons · India
1014
-15
Antaj
6:00 Loom
12:55 Feudal Age
14:07 Double-Bit Axe
14:39 Horse Collar
20:31 Castle Age
19:00 Fletching
20:03 Padded Archer Armor
20:03 Stone Mining
20:03 Gold Mining
20:20 Gold Mining
21:41 Bodkin Arrow
24:23 Squires
25:20 Bow Saw
25:58 Elite Skirmisher
26:51 Pikeman
30:13 Wheelbarrow
29:23 Town Watch
31:12 Heavy Plow
35:12 Imperial Age
33:22 Scale Mail Armor
33:32 Forging
33:39 Leather Archer Armor
34:32 Ballistics
34:59 Chain Mail Armor
36:57 Chemistry
36:29 Ring Archer Armor
37:12 Conscription
39:45 Plate Mail Armor
39:51 Iron Casting
40:57 Iron Casting
42:11 Arson
43:46 Blast Furnace
42:46 Halberdier
GORGORY
6:37 Loom
10:00 Feudal Age
10:26 Double-Bit Axe
10:32 Horse Collar
15:48 Wheelbarrow
20:05 Castle Age
18:38 Stone Mining
20:33 Bloodlines
20:42 Scale Barding Armor
22:26 Fervor
22:22 Town Watch
22:43 Heavy Plow
26:31 Sanctity
26:34 Bow Saw
27:58 Bloodlines
29:30 Husbandry
29:21 Light Cavalry
31:21 Chain Barding Armor
32:56 Hand Cart
33:09 Ballistics
34:16 Gold Mining
34:28 Murder Holes
36:10 Gold Shaft Mining
38:24 Imperial Age
37:27 Town Patrol
39:27 Conscription
38:29 Cavalier
38:31 Hussar
40:00 Plate Barding Armor
41:35 Paladin
42:58 Crop Rotation
43:35 Two-Man Saw
Connection lost

Rejoining the realm…

Still unreachable

The connection could not be restored.

Session expired

The server has moved on; the page needs a fresh start.